 Dungeon Crawl Stone Soup version 0.17.0-24-gcfadda4 (webtiles) character file.

12350 Avanven the Unseen (level 12, -3/69 HPs)
             Began as a Kobold Berserker on Nov 18, 2015.
             Was a High Priest of Trog.
             Shot with a bolt by an orc warrior (26 damage)
             ... in a bailey.
             The game lasted 00:45:53 (13602 turns).

Avanven the Unseen (Kobold Berserker)              Turns: 13602, Time: 00:45:53

Health: -3/69      AC:  9    Str: 16 (18) XL:     12   Next: 19%
Magic:  12/12      EV: 21    Int:  5      God:    Trog [*****.]
Gold:   558        SH:  0    Dex: 18      Spells: 0 memorised, 11 levels left

rFire  . . .     SeeInvis .     I - +4 rapier (elec)
rCold  + + .     Clarity  .     q - +0 ring mail {rC+}
rNeg   . . .     SustAt   .     (shield restricted)
rPois  .         Gourm    .     o - +1 helmet
rElec  .         Spirit   .     x - +0 cloak
rCorr  .         Warding  .     (no gloves)
rMut   .         Stasis   .     C - +0 pair of boots
MR     +....                    (no amulet)
Stlth  ++++++....               v - ring of protection from cold
                                h - ring of protection from magic

@: somewhat resistant to hostile enchantments, very stealthy
A: carnivore 3, deterioration 1, slow regeneration 1, spit poison 1
a: Spit Poison, Berserk, Trog's Hand, Brothers in Arms, Burn Spellbooks,
Renounce Religion


You were in a bailey.
You worshipped Trog.
Trog was extremely pleased with you.
You were completely stuffed.

You visited 2 branches of the dungeon, and saw 12 of its levels.
You also visited: Bailey.

You collected 558 gold pieces.

Inventory:

Hand Weapons
 a - a +1 short sword
 b - the +9 greatsling "Guuny" {freeze, +Inv +Fly Int+10}
   (Trog gifted it to you on level 8 of the Dungeon)

   It causes projectiles fired from it to freeze those they strike, causing
   extra injury to most foes and up to half again as much damage against
   particularly susceptible opponents.
   They can also slow down cold-blooded creatures.
   It affects your intelligence (+10).
   It lets you turn invisible.
   It lets you fly.
 j - a +0 dagger of pain
 I - a +4 rapier of electrocution (weapon)
Missiles
 s - 129 stones (quivered)
 G - 51 sling bullets
Armour
 m - a +0 pair of boots
 o - a +1 helmet (worn)
 q - a +0 ring mail of cold resistance (worn)
 x - a +0 cloak (worn)
 C - a +0 pair of boots (worn)
 L - the +6 plate armour "Zothraikey" {+Blink Dex+7}
   (You found it on level 10 of the Dungeon)

   It affects your dexterity (+7).
   It lets you blink.
 O - a cursed +0 helmet
Jewellery
 h - a ring of protection from magic (left hand)
 v - a ring of protection from cold (right hand)
 w - an uncursed ring of protection from fire
 B - a +3 ring of dexterity
 J - an uncursed amulet of faith
 M - an uncursed ring of magical power {unknown}
Wands
 l - a wand of disintegration (18)
 n - a wand of digging (24)
 y - a wand of confusion (21)
Scrolls
 d - 3 scrolls of remove curse
 g - 2 scrolls of fear
 i - 7 scrolls of identify
 E - a scroll of blinking
 F - 4 scrolls of teleportation
 H - a scroll of recharging
Potions
 e - 4 potions of heal wounds
 f - a potion of resistance
 p - 2 potions of brilliance
 A - 3 potions of curing
 D - a potion of ambrosia
 N - a potion of berserk rage
Comestibles
 c - 9 meat rations
 k - 8 chunks of flesh
 t - a slice of pizza
 u - 7 beef jerkies
 z - a royal jelly


   Skills:
 + Level 5.7 Fighting
 * Level 14.9 Short Blades
 - Level 1.5 Armour
 - Level 10.2 Dodging
 - Level 15.0 Stealth


You had 11 spell levels left.
You didn't know any spells.

Dungeon Overview and Level Annotations

Branches:
Dungeon (11/15)            Temple (1/1) D:7            Lair (0/8) D:11
    Orc (0/4) D:9

Altars:
Ashenzari
Cheibriados
Dithmenos
Elyvilon
Fedhas
Gozag
Kikubaaqudgha
Makhleb
Nemelex Xobeh
Okawaru
Qazlal
Ru
Sif Muna
Trog
Vehumet
Xom
Yredelemnul
Zin
The Shining One
Beogh

Shops:
D:8 =


Innate Abilities, Weirdness & Mutations

You are small and have problems with some larger weapons.
You are carnivorous and can eat meat at any time.
Your body sometimes deteriorates upon taking damage.
You regenerate slowly when monsters are visible.
You can spit weak poison.


Message History

The orc hits you but does no damage.
You completely miss the orc.
The orc is almost dead.
You puncture the orc!
There is a sudden explosion of sparks!
You kill the orc!
Trog accepts your kill.
No target in view!
Items here: ( ) [ † an uncursed arbalest; 16 bolts; a ring mail; an orc corpse You butcher the orc corpse.
k - 9 chunks of flesh (gained 4)
Things that are here:
an uncursed arbalest; 16 bolts; a ring mail
Found a gate leading back out of this place.
Some of the chunks of flesh in your inventory have rotted away.
There is a gate leading back out of this place here.
You start resting.
The orc warrior shoots a bolt.
The bolt hits you!
Your body deteriorates!
You feel weakened.
The orc warrior shoots a bolt.
The bolt hits you!!
You die...

###########
.........∩#
..........#
.......@..#
..........#
..o.......#
..........#
≈≈≈≈......#
.#≈≈......#
##≈.....)# ≈≈
.^ .≈......#
≈≈##.##≈......#


You could see an orc warrior.

Vanquished Creatures
  Harold (D:10)
  The ghost of Avanven the Transmogrifier, a novice MfTm (D:7)
  Pikel (D:8)
  2 hill giants
  3 ugly things (D:11)
  Joseph (D:10)
  2 trolls (D:9)
  2 wyverns
  2 deep elf magi (D:10)
  5 yaks
  A hippogriff (D:11)
  A hungry ghost (D:9)
  2 porcupines (D:11)
  The ghost of Avanven the Gusty, an amateur TeAE (D:3)
  5 orc warriors
  The ghost of DeXoteric the Sneak, an amateur SpEn of Dithmenos (D:6)
  A black bear (D:11)
  An ice beast (D:8)
  9 centaurs
  3 ogres
  2 phantoms
  A sky beast (D:11)
  2 big kobolds (D:9)
  2 giant frogs
  A wyvern skeleton (D:7)
  15 scorpions
  7 wights
  A quasit (D:7)
  3 crimson imps
  A centaur zombie (D:9)
  A giant frog zombie (D:8)
  3 jellies
  A wasp zombie (D:11)
  8 orc priests
  A gnoll shaman (D:6)
  5 iguanas
  A centaur skeleton (D:9)
  9 hounds
  9 orc wizards
  A giant frog skeleton (D:8)
  12 worker ants
  A hell rat (D:10)
  A hound zombie (D:8)
  2 worker ant zombies
  Robin (D:4)
  16 gnolls
  15 adders
  A shadow imp (D:5)
  An ooze (D:7)
  3 adder zombies
  An adder skeleton (D:4)
  A worm (D:2)
  9 giant geckos
  62 orcs
  10 bats
  3 giant cockroaches
  31 goblins
  14 hobgoblins
  4 jackals (D:7)
  30 kobolds
  4 ball pythons
  5 giant newts
  A jackal skeleton (D:5)
  A jackal zombie (D:8)
  3 quokkas
  9 rats
360 creatures vanquished.

Vanquished Creatures (collateral kills)
  Erica (D:9)
  A mottled dragon (D:11)
  2 ogres (D:9)
  An orc warrior (D:11)
  An orc priest (D:11)
  An orc (D:11)
7 creatures vanquished.

Vanquished Creatures (others)
  A slave (D:8)
  A centaur (D:8)
  An orc (D:8)
  2 fungi (D:6)
5 creatures vanquished.

Grand Total: 372 creatures vanquished

Notes
Turn   | Place    | Note
--------------------------------------------------------------
     0 | D:1      | Avanven the Kobold Berserker began the quest for the Orb.
     0 | D:1      | Reached XP level 1. HP: 14/14 MP: 1/1
   135 | D:1      | Reached XP level 2. HP: 13/19 MP: 2/2
   764 | D:1      | Reached XP level 3. HP: 15/23 MP: 3/3
   919 | D:1      | Reached skill level 5 in Short Blades
   949 | D:1      | Reached ** piety under Trog
  1599 | D:2      | Found a radiant altar of Vehumet.
  1718 | D:2      | Reached XP level 4. HP: 16/28 MP: 4/4
  2374 | D:3      | Noticed Avanven's ghost (amateur TeAE)
  2417 | D:3      | Reached skill level 6 in Short Blades
  2603 | D:3      | Gained mutation: You can spit weak poison. [potion of mutation]
  2603 | D:3      | Gained mutation: You regenerate slowly when monsters are visible. [potion of mutation]
  2603 | D:3      | Gained mutation: Your body sometimes deteriorates upon taking damage. [potion of mutation]
  2665 | D:3      | Killed Avanven's ghost
  2665 | D:3      | Reached skill level 7 in Short Blades
  2665 | D:3      | Reached XP level 5. HP: 32/32 MP: 5/5
  2665 | D:3      | Reached XP level 6. HP: 37/37 MP: 6/6
  3367 | D:3      | Reached *** piety under Trog
  3611 | D:3      | Reached skill level 8 in Short Blades
  4083 | D:3      | Reached skill level 5 in Dodging
  4158 | D:3      | Reached XP level 7. HP: 38/41 MP: 7/7
  4266 | D:4      | Noticed Robin
  4269 | D:4      | Killed Robin
  4269 | D:4      | Reached skill level 1 in Stealth
  4411 | D:4      | Reached **** piety under Trog
  4829 | D:4      | Reached skill level 9 in Short Blades
  5215 | D:4      | Reached XP level 8. HP: 46/46 MP: 8/8
  5266 | D:5      | Entered Level 5 of the Dungeon
  5273 | D:5      | Reached skill level 5 in Stealth
  5431 | D:5      | Reached ***** piety under Trog
  5554 | D:5      | Reached skill level 10 in Short Blades
  5815 | D:5      | Found a shimmering altar of Xom.
  5997 | D:6      | Noticed DeXoteric's ghost (amateur SpEn)
  6012 | D:6      | Killed DeXoteric's ghost
  6098 | D:6      | Found a glowing silver altar of Zin.
  6130 | D:6      | Reached XP level 9. HP: 51/51 MP: 9/9
  7200 | D:7      | Noticed Avanven's ghost (novice MfTm)
  7263 | D:7      | Killed Avanven's ghost
  7263 | D:7      | Reached skill level 10 in Stealth
  7305 | D:7      | Found a staircase to the Ecumenical Temple.
  7464 | Temple   | Entered the Ecumenical Temple
  7925 | D:7      | Reached skill level 11 in Stealth
  7925 | D:7      | Reached XP level 10. HP: 56/56 MP: 10/10
  8597 | D:8      | Noticed Pikel
  8620 | D:8      | Killed Pikel
  8620 | D:8      | Reached skill level 10 in Dodging
  8620 | D:8      | Reached skill level 12 in Stealth
  8962 | D:8      | Found Leheneest's Jewellery Emporium.
  9190 | D:8      | Found a sacrificial altar of Ru.
  9208 | D:8      | Found an opulent altar of Gozag.
  9242 | D:8      | Found a white marble altar of Elyvilon.
  9243 | D:8      | Found a shimmering altar of Xom.
  9364 | D:8      | Found a shattered altar of Ashenzari.
  9364 | D:8      | Found a sparkling altar of Nemelex Xobeh.
  9654 | D:8      | Received a gift from Trog
  9661 | D:8      | Got a crude greatsling {god gift}
 10016 | D:8      | Identified the +9 greatsling "Guuny" {freeze, +Inv +Fly Int+10} (Trog gifted it to you on level 8 of the Dungeon)
 10464 | D:9      | Found a staircase to the Orcish Mines.
 10489 | D:9      | Reached skill level 13 in Stealth
 10497 | D:9      | Found a roughly hewn altar of Beogh.
 10661 | D:9      | Noticed Erica
 10697 | D:9      | Killed Erica
 10697 | D:9      | Reached XP level 11. HP: 50/60 MP: 11/11
 11237 | D:9      | Reached skill level 14 in Stealth
 11606 | D:9      | Received a gift from Trog
 11933 | D:10     | Entered Level 10 of the Dungeon
 12016 | D:10     | Got an amber-studded plate armour
 12017 | D:10     | Identified the +6 plate armour "Zothraikey" {+Blink Dex+7} (You found it on level 10 of the Dungeon)
 12119 | D:10     | Noticed a hill giant
 12126 | D:10     | Killed a hill giant
 12233 | D:10     | Reached skill level 15 in Stealth
 12292 | D:10     | Found a snail-covered altar of Cheibriados.
 12297 | D:10     | Noticed Harold
 12374 | D:10     | Killed Harold
 12460 | D:10     | Noticed Joseph
 12472 | D:10     | Killed Joseph
 12972 | D:11     | Noticed a cyan ugly thing
 12981 | D:11     | Noticed a hill giant
 12992 | D:11     | Killed a cyan ugly thing
 13080 | D:11     | Noticed a red ugly thing
 13083 | D:11     | Killed a hill giant
 13089 | D:11     | Reached XP level 12. HP: 68/68 MP: 12/12
 13305 | D:11     | Reached skill level 5 in Fighting
 13311 | D:11     | Killed a red ugly thing
 13333 | D:11     | Found a staircase to the Lair.
 13369 | D:11     | Noticed a white ugly thing
 13383 | D:11     | Killed a white ugly thing
 13383 | D:11     | Received a gift from Trog
 13391 | D:11     | Found a flagged portal.
 13448 | Bailey   | Entered a bailey
 13602 | Bailey   | Shot with a bolt by an orc warrior

Action                   |  1- 3 |  4- 6 |  7- 9 | 10-12 || total
-------------------------+-------+-------+-------+-------++-------
Melee: Short sword       |   137 |   205 |   475 |   407 ||  1224
       Rapier            |       |       |       |   282 ||   282
Invok: Berserk           |     1 |     6 |    19 |    20 ||    46
       Brothers in Arms  |       |       |       |     3 ||     3
       Trog's Hand       |       |       |       |     1 ||     1
Evoke: Wand              |       |       |       |     1 ||     1
  Use: Potion            |     6 |     4 |     3 |     2 ||    15
       Scroll            |       |    10 |     8 |    17 ||    35
 Stab: Sleeping          |     2 |       |    16 |    17 ||    35
       Distracted        |       |       |     1 |     5 ||     6
  Eat: Chunk             |    11 |    16 |    31 |    45 ||   103
